 Dungeon Crawl Stone Soup version 0.20.0-3-g22ec75f (webtiles) character file.

87045 Jannitor the Severer (level 15, 0/139 HPs)
             Began as a Hill Orc Fighter on May 27, 2017.
             Was a High Priest of Beogh.
             Slain by an alligator (24 damage)
             ... on level 3 of the Swamp.
             The game lasted 02:00:32 (28349 turns).

Jannitor the Severer (Hill Orc Fighter)            Turns: 28349, Time: 02:00:33

Health: 0/139      AC: 26    Str: 33    XL:     15   Next: 89%
Magic:  20/25      EV: 14    Int: 10    God:    Beogh [*****.]
Gold:   655        SH: 18    Dex: 13    Spells: 11/14 levels left

rFire    + . .     SeeInvis +   J - +2 war axe "Transmigrator" {protect, rElec Dex+3 SInv}
rCold    + + .     Gourm    .   t - +3 shield
rNeg     . . .     Faith    +   u - +0 swamp dragon scales
rPois    +         Spirit   .   Z - +1 helmet
rElec    +         Reflect  .   K - +1 cloak of Starlight {rElec rC+ EV+4 Stlth--}
rCorr    .         Harm     .   n - +2 pair of gloves {Str+3}
MR       +....     Clarity  +   E - +0 pair of boots
Stlth    ..........             o - amulet of faith
Regen    0.8/turn               Q - ring of Yquyme {rC+ Str+4 Int+2}
MPRegen  0.2/turn               v - ring of see invisible

@: very slightly contaminated
A: walk on water, iridescent scales 1, slimy green scales 1, blink, clarity,
fire resistance 1, sense surroundings 1, regeneration 1, shaggy fur 1
a: Blink, Smiting, Recall Orcish Followers, Give Item to Named Follower,
Renounce Religion


You were on level 3 of the Swamp.
You worshipped Beogh.
Beogh was extremely pleased with you.
You were hungry.

You visited 6 branches of the dungeon, and saw 27 of its levels.
You also visited: Sewer, Ossuary, Ice Cave and Volcano.

You collected 2371 gold pieces.
You spent 1716 gold pieces at shops.

Inventory:

Hand Weapons
 s - a +1 battleaxe of protection
 J - the +2 war axe "Transmigrator" (weapon) {protect, rElec Dex+3 SInv}
   (You found it on level 13 of the Dungeon)

   It protects the one who uses it against injury (+AC on strike).
   It affects your dexterity (+3).
   It insulates you from electricity.
   It lets you see invisible.
Armour
 d - a scarf of cloud immunity
 l - a +2 pair of boots of flying
 n - a +2 pair of gloves of strength (worn)
 t - a +3 shield (worn)
 u - +0 swamp dragon scales (worn)
 E - a +0 pair of boots (worn)
 I - a +3 chain mail of fire resistance
 K - the +1 cloak of Starlight (worn) {rElec rC+ EV+4 Stlth--}
   (You bought it in a shop on level 8 of the Dungeon)

   It affects your evasion (+4).
   It protects you from cold.
   It insulates you from electricity.
   It makes you much less stealthy.
 Z - a +1 helmet (worn)
Jewellery
 j - an uncursed ring of resist corrosion
 m - an uncursed amulet of regeneration
 o - an amulet of faith (around neck)
 p - a +4 amulet of reflection
 v - a ring of see invisible (right hand)
 Q - the ring of Yquyme (left hand) {rC+ Str+4 Int+2}
   (You took it off a tengu reaver on level 13 of the Dungeon)

   [ring of intelligence]

   It affects your strength (+4).
   It affects your intelligence (+2).
   It protects you from cold.
Wands
 D - a wand of acid (4/15)
 H - a wand of lightning (9/15)
 R - a wand of disintegration (11/24)
 S - a wand of acid (0/15)
 V - a wand of digging (15/24)
 Y - a wand of lightning (8/15)
Scrolls
 e - 4 scrolls of recharging
 h - 14 scrolls of teleportation
 q - 3 scrolls of enchant weapon
 x - a scroll of fear
 y - 3 scrolls of enchant armour
 A - 8 scrolls of remove curse
 C - 2 scrolls of blinking
 L - a scroll of summoning
 P - 3 scrolls of amnesia
Potions
 a - 3 potions of heal wounds
 b - 4 potions of magic
 g - 2 potions of berserk rage
 i - 5 potions of flight
 w - 7 potions of agility
 z - a potion of cancellation
 F - 5 potions of haste
 G - a potion of brilliance
 M - 3 potions of ambrosia
 N - a potion of might
 O - 4 potions of mutation
 T - 4 potions of lignification
 U - 6 potions of curing
 X - 3 potions of invisibility
Books
 B - Sif Muna's Almanac of Earthen Contamination
   (You found it on level 2 of the Swamp)

   Spells                             Type                      Level
   a - Sting                          Conjuration/Poison           1
   b - Sandblast                      Earth                        1
   c - Stone Arrow                    Conjuration/Earth            3
   d - Leda's Liquefaction            Hexes/Earth                  4
   e - Petrify                        Transmutation/Earth          4
   f - Lee's Rapid Deconstruction     Earth                        5
Miscellaneous
 c - a box of beasts
Comestibles
 f - 11 bread rations
 k - 17 royal jellies
 r - 12 meat rations
 W - 30 fruits


   Skills:
 + Level 14.6 Fighting
 + Level 15.3 Axes
 + Level 13.6 Armour
 + Level 13.6 Shields
 + Level 13.8 Invocations
 + Level 8.0 Evocations


You had 11 spell levels left.
You knew the following spells:

 Your Spells              Type           Power        Failure   Level  Hunger
a - Portal Projectile     Hex/Tloc       #.....       86%         3    ####...


Dungeon Overview and Level Annotations

Branches:
Dungeon (14/15)            Temple (1/1) D:7            Lair (6/6) D:8
  Swamp (3/4) Lair:2        Snake (1/4) Lair:4          Orc (2/2) D:11
    Elf (0/3) Orc:2        Vaults (0/5) D:13
  Slime: Lair:5-6

Altars:
Ashenzari
Cheibriados
Elyvilon
Fedhas
Gozag
Hepliaklqana
Nemelex Xobeh
Ru
Sif Muna
Uskayaw
Vehumet
Zin
Beogh

Shops:
D:4 (   D:8 [   D:11 [(*   D:13 %%!}   Orc:2 [%[%

Annotations:
D:14 exclusion: 3 doors
Lair:5 exclusion: 4 oklob plants


Innate Abilities, Weirdness & Mutations

You can walk on water.
You are partially covered in iridescent scales. (AC +2)
You are partially covered in slimy green scales. (AC +2)
You can translocate small distances at will.
You possess an exceptional clarity of mind.
Your flesh is heat resistant. (rF+)
You passively map a small area around you.
Your natural rate of healing is unusually fast.
You are covered in fur. (AC +1)


Message History

Blink to where?
Press: ? - help, Dir - move target cursor You are very lightly contaminated with residual magic.
As you read the scroll of blinking, it crumbles to dust.
The swamp drake breathes noxious fumes at you.
The noxious blast engulfs you!
You hear a splashing noise.
Found 17 stones.
Unknown command.
Aiming: Smiting
Press: ? - help, Dir - move target cursor, f - swamp drake Smite: a swamp drake (noxious fumes, catching its breath)
You smite the swamp drake!
You kill the swamp drake!
Beogh accepts your kill.
You hear a splashing noise.
Something hits Blodwig but does no damage.
Something misses Blodwig.
Something tail-slaps Blodwig!
The insubstantial wisp blinks!
The alligator bites you!!
You die...

♣♣..!....♣♣♣.?.
♣..≈v≈≈v.......
♣.≈≈JFJ.)...... *
♣≈≈≈≈≈o≈........
♣♣§.≈≈≈♣§t≈...[...
♣.≈≈≈≈≈§≈v........ ≈
, *
♣♣♣..≈..♣..≈.≈..≈≈..
≈ ,
♣♣§§§t≈....≈≈..≈≈.♣..
, *
♣§§§@§♣≈♣♣≈≈≈≈.≈≈.♣ .
♣♣§§♣§♣♣ ♣≈♣≈≈≈...♣
♣≈≈≈§♣♣ ≈ ≈ ♣.≈.§♣♣ ,
....≈♣♣ ≈ ≈.≈≈♣≈ *
.....(. ♣♣♣.≈≈. * * ,


You could see an alligator, an enormous slime creature, a spiny frog, an
insubstantial wisp and the friendly Blodwig the orc knight.

Vanquished Creatures
  Nikola (Swamp:2)
  Rupert (D:13)
  The ghost of Unholydonuts the Bludgeoner, a journeyman MiBe of Trog (Orc:2)
  A reaper (IceCv)
  Azrael (D:12)
  An ettin (D:13)
  8 hydras
  A fire dragon (D:14)
  Erolcha (D:12)
  A catoblepas (Lair:1)
  2 ghost crabs (Swamp:1)
  A death yak (shapeshifter) (D:13)
  An anaconda (Swamp:1)
  2 centaur warriors
  3 two-headed ogres
  3 alligators
  A deep troll earth mage (D:13)
  3 orc high priests (Orc:2)
  A sun demon (Volcano)
  A spriggan druid (Swamp:3)
  2 wizards (D:13)
  An unseen horror (D:13)
  2 swamp dragons
  The ghost of Unholydonuts the Basher, a novice MiBe of Trog (D:6)
  An orc sorcerer (Volcano)
  A cyclops (D:14)
  An oklob plant (Lair:5)
  A guardian serpent (Lair:4)
  5 elephants (Lair:5)
  12 spiny frogs
  3 black mambas
  A spiny frog (shapeshifter) (D:13)
  2 ice statues (IceCv)
  A kobold demonologist (D:13)
  12 ice devils
  8 komodo dragons
  The ghost of Unholydonuts the Cudgeler, a novice GrGl (D:4)
  2 trolls
  A tyrant leech (Swamp:1)
  A red devil (Volcano)
  A queen bee (D:7)
  2 bog bodies
  6 blink frogs
  4 slime creatures (Swamp:2)
  7 hippogriffs
  2 shadows
  A vampire (D:12)
  3 wraiths (D:12)
  24 yaks
  A fire elemental (D:12)
  Grum (D:11)
  5 humans (D:13)
  A yak (shapeshifter) (D:13)
  4 fire bats (Volcano)
  2 steam dragons
  4 vampire mosquitoes (Swamp:2)
  3 basilisks
  12 insubstantial wisps (Swamp:1)
  8 swamp worms
  3 wargs (Orc:2)
  3 acid dragons
  6 water moccasins
  4 hell hounds
  5 porcupines
  2 sky beasts
  3 swamp drakes
  6 orc warriors
  A necrophage (D:10)
  2 black bears
  9 ogres
  A phantom (D:6)
  14 wolves
  10 centaurs
  4 crocodiles
  Blork the orc (D:4)
  A gnoll sergeant (D:10)
  7 bullfrogs
  5 scorpions
  7 killer bees
  A wight (D:10)
  An electric eel (Lair:2)
  4 howler monkeys
  12 crimson imps
  A bullfrog zombie (D:5)
  7 lava snakes
  3 hounds
  4 jellies
  A gnoll shaman (Orc:1)
  10 orc priests
  6 orc wizards
  Ijyb (D:3)
  2 bullfrog skeletons
  3 iguanas
  Terence (D:2)
  5 worker ants
  A merfolk siren (Sewer)
  A big kobold zombie (Ossuary)
  2 hound skeletons
  8 mummies (Ossuary)
  A worker ant zombie (D:11)
  11 gnolls
  14 adders
  4 river rats (Sewer)
  5 shadow imps
  12 white imps
  3 ufetubi (IceCv)
  3 oozes
  2 adder skeletons
  An adder zombie (D:5)
  4 worms
  A dart slug (D:4)
  4 leopard geckos
  24 orcs
  9 giant cockroaches
  8 goblins
  5 hobgoblins
  5 jackals
  A quokka (D:2)
  8 ball pythons
  7 bats
  15 frilled lizards
  A gnoll zombie (Ossuary)
  2 goblin zombies (D:4)
  A jackal zombie (D:5)
  4 kobolds
  2 kobold zombies (Ossuary)
  4 orc zombies (Ossuary)
  26 rats
  5 fungi
  2 plants (Lair:6)
547 creatures vanquished.

Vanquished Creatures (collateral kills)
  A tengu reaver (D:13)
  Josephine (D:12)
  A fire dragon (Lair:6)
  3 hydras
  A centaur warrior (D:13)
  An alligator (Swamp:2)
  3 two-headed ogres
  2 orc high priests (Orc:2)
  An unseen horror (D:11)
  A swamp dragon (Lair:6)
  An orc knight (D:13)
  2 ugly things
  2 manticores
  6 elephants
  A centaur zombie (D:13)
  A black mamba (Swamp:1)
  2 gargoyles (D:13)
  5 spiny frogs
  4 komodo dragons
  A rime drake (Lair:3)
  A polar bear (Lair:3)
  A troll (Orc:1)
  A hornet (shapeshifter) (D:13)
  7 blink frogs
  4 hippogriffs
  16 yaks
  3 wraiths
  2 wyverns
  5 basilisks
  A fire elemental (D:13)
  3 steam dragons (Lair:6)
  11 humans (D:13)
  6 swamp worms
  An insubstantial wisp (Swamp:3)
  9 wargs
  5 hell hounds
  6 water moccasins
  3 porcupines
  2 sky beasts
  An orc warrior (D:8)
  A phantom (D:8)
  A necrophage (D:7)
  7 ogres
  23 wolves
  A centaur (D:11)
  A big kobold (D:11)
  9 crocodiles
  5 bullfrogs
  A wyvern zombie (D:12)
  A wyvern skeleton (D:11)
  5 killer bees (D:8)
  A scorpion (D:9)
  2 wights (D:10)
  An electric eel (Lair:2)
  A howler monkey (D:10)
  3 crimson imps
  A lava snake (D:13)
  A bullfrog zombie (D:12)
  A hound (D:13)
  A jelly (D:12)
  3 quasits
  2 centaur skeletons
  7 orc priests
  2 orc wizards
  2 worker ants
  A killer bee zombie (D:7)
  A howler monkey zombie (D:7)
  3 gnolls
  3 adders
  A shadow imp (D:8)
  A white imp (D:7)
  17 orcs
  3 jackals
  A ball python (Swamp:1)
  5 kobolds (D:11)
  A quokka skeleton (D:9)
  A butterfly (Lair:4)
  3 fungi
  2 plants
254 creatures vanquished.

Vanquished Creatures (others)
  An orc sorcerer (Lair:2)
  2 orc knights
  4 orc warriors
  A crocodile (Lair:6)
  10 orc priests
  A killer bee (D:8)
  7 orc wizards
  An iguana (Lair:6)
  An adder (D:12)
  2 white imps (IceCv)
  5 ufetubi (IceCv)
  A leopard gecko (D:8)
  48 orcs
  A giant cockroach (D:3)
  A fire vortex (D:13)
  5 fungi
  13 plants
104 creatures vanquished.

Grand Total: 905 creatures vanquished

Notes
Turn   | Place    | Note
-------+----------+-------------------------------------------
     0 | D:1      | Jannitor the Hill Orc Fighter began the quest for the Orb.
     0 | D:1      | Reached XP level 1. HP: 19/19 MP: 1/1
   168 | D:1      | Reached XP level 2. HP: 18/27 MP: 2/2
   273 | D:1      | Reached skill level 3 in Axes
   649 | D:1      | Reached XP level 3. HP: 33/33 MP: 3/3
  1385 | D:2      | Reached XP level 4. HP: 40/40 MP: 4/4
  1660 | D:2      | Noticed Terence
  1674 | D:2      | Killed Terence
  2429 | D:2      | Reached XP level 5. HP: 43/47 MP: 5/5
  2526 | D:3      | Noticed Ijyb
  2561 | D:3      | Killed Ijyb
  2561 | D:3      | Reached skill level 4 in Axes
  2955 | D:3      | Found a glowing drain.
  2996 | Sewer    | Entered a sewer
  3134 | Sewer    | Reached XP level 6. HP: 44/55 MP: 6/6
  3179 | Sewer    | Reached skill level 5 in Fighting
  3445 | D:3      | Became a worshipper of Beogh the Brigand
  3806 | D:3      | You fall through a shaft!
  3824 | D:4      | Reached skill level 5 in Axes
  3824 | D:4      | Reached skill level 5 in Armour
  3903 | D:4      | Reached skill level 5 in Shields
  3903 | D:4      | Reached XP level 7. HP: 61/61 MP: 7/7
  3906 | D:4      | Found a white marble altar of Elyvilon.
  3972 | D:4      | Noticed Unholydonuts's ghost (novice GrGl)
  3975 | D:4      | Noticed Blork the orc
  4016 | D:4      | Killed Unholydonuts's ghost
  4030 | D:4      | Killed Blork the orc
  4030 | D:4      | Reached skill level 6 in Axes
  4090 | D:4      | Reached XP level 8. HP: 29/71 MP: 8/8
  4146 | D:4      | Found a sand-covered staircase.
  4161 | D:4      | Reached * piety under Beogh
  4167 | Ossuary  | Entered an ossuary
  5051 | D:4      | Found Baol's Antique Weapon Boutique.
  5059 | D:4      | Bought a glowing battleaxe for 209 gold pieces
  5123 | D:5      | Entered Level 5 of the Dungeon
  5644 | D:5      | Reached skill level 7 in Axes
  6145 | D:5      | Reached ** piety under Beogh
  6563 | D:6      | Reached XP level 9. HP: 75/81 MP: 9/9
  6606 | D:6      | Reached skill level 8 in Axes
  6811 | D:6      | Noticed Unholydonuts's ghost (novice MiBe)
  6818 | D:6      | Gained mutation: Scrolls take you a little longer to read. [potion of mutation]
  6818 | D:6      | Gained mutation: You are partially covered in slimy green scales. (AC +2) [potion of mutation]
  6829 | D:6      | Killed Unholydonuts's ghost
  6943 | D:6      | Reached *** piety under Beogh
  7894 | D:7      | Reached skill level 9 in Axes
  7954 | D:7      | Found a staircase to the Ecumenical Temple.
  8033 | D:7      | Found an opulent altar of Gozag.
  8066 | D:7      | Reached XP level 10. HP: 83/91 MP: 10/10
  8229 | D:7      | Found a sparkling altar of Nemelex Xobeh.
  8229 | D:7      | Found a blossoming altar of Fedhas.
  8230 | D:7      | Found a deep blue altar of Sif Muna.
  8230 | D:7      | Found a sacrificial altar of Ru.
  8333 | Temple   | Entered the Ecumenical Temple
  8373 | D:8      | Found a radiant altar of Vehumet.
  8381 | D:8      | Reached skill level 1 in Invocations
  8384 | D:8      | Gained Orik as an ally
  8415 | D:8      | Your ally Orik died
  8765 | D:7      | Gained mutation: You can translocate small distances at will. [mutagenic meat]
  8766 | D:7      | Gained mutation: You are occasionally teleported next to monsters. [mutagenic meat]
  8767 | D:7      | Gained mutation: You are partially covered in iridescent scales. (AC +2) [mutagenic meat]
  8768 | D:7      | Gained mutation: You occasionally shout uncontrollably at your foes. [mutagenic meat]
  8770 | D:7      | Gained mutation: You possess an exceptional clarity of mind. [mutagenic meat]
  9119 | D:8      | Found a shattered altar of Ashenzari.
  9121 | D:8      | Reached **** piety under Beogh
  9200 | D:8      | Lost mutation: You are occasionally teleported next to monsters. [potion of mutation]
  9200 | D:8      | Lost mutation: You occasionally shout uncontrollably at your foes. [potion of mutation]
  9200 | D:8      | Lost mutation: Scrolls take you a little longer to read. [potion of mutation]
  9200 | D:8      | Gained mutation: You passively map a small area around you. [potion of mutation]
  9200 | D:8      | Lost mutation: You possess an exceptional clarity of mind. [potion of mutation]
  9200 | D:8      | Gained mutation: Your flesh is heat resistant. (rF+) [potion of mutation]
  9446 | D:8      | Found a staircase to the Lair.
  9475 | D:8      | Found a glowing silver altar of Zin.
  9490 | D:8      | Found a hazy altar of Hepliaklqana.
  9719 | D:8      | Gained Orkwin as an ally
  9724 | D:8      | Your ally Orkwin died
  9727 | D:8      | Found a roughly hewn altar of Beogh.
 10261 | D:8      | Found Rileret's Armour Emporium.
 10329 | D:9      | Noticed a two-headed ogre
 10340 | D:9      | Killed a two-headed ogre
 10340 | D:9      | Reached skill level 10 in Axes
 10624 | D:9      | Found a hide-covered altar of Uskayaw.
 10670 | D:9      | Reached ***** piety under Beogh
 10677 | D:9      | Reached skill level 10 in Fighting
 10786 | D:8      | Bought the +1 cloak of Starlight {rElec rC+ EV+4 Stlth--} for 445 gold pieces
 11107 | D:9      | Reached skill level 5 in Invocations
 11215 | D:9      | Gained Syrus as an ally
 11220 | D:9      | Reached XP level 11. HP: 90/100 MP: 13/15
 11396 | D:10     | Entered Level 10 of the Dungeon
 11436 | D:10     | Noticed a two-headed ogre
 11441 | D:10     | Killed a two-headed ogre
 11599 | D:10     | Noticed a two-headed ogre
 11606 | D:10     | Killed a two-headed ogre
 11606 | D:10     | Gained Jorge as an ally
 11629 | D:10     | Noticed a two-headed ogre
 11643 | D:10     | Killed a two-headed ogre
 11643 | D:10     | Gained Thorok as an ally
 12051 | Lair:1   | Entered Level 1 of the Lair of Beasts
 12121 | Lair:1   | Reached skill level 10 in Armour
 12430 | Lair:1   | Reached skill level 11 in Axes
 12447 | Lair:1   | Noticed a catoblepas
 12468 | Lair:1   | Killed a catoblepas
 12644 | Lair:1   | Reached skill level 10 in Shields
 12815 | Lair:1   | Noticed a seven-headed hydra
 12821 | Lair:1   | Killed a seven-headed hydra
 13115 | Lair:2   | Your ally Syrus died
 13118 | Lair:2   | Reached XP level 12. HP: 96/110 MP: 16/18
 13925 | Lair:2   | Found a staircase to the Swamp.
 14125 | Lair:2   | Reached skill level 12 in Axes
 14677 | Lair:3   | Reached ****** piety under Beogh
 14933 | Lair:3   | Noticed a four-headed hydra
 14938 | Lair:3   | Killed a four-headed hydra
 15000 | Lair:3   | Reached skill level 1 in Evocations
 15884 | Lair:4   | Found a staircase to the Snake Pit.
 15889 | Lair:4   | Reached XP level 13. HP: 102/118 MP: 20/20
 15893 | Lair:4   | Gained mutation: You are covered in fur. (AC +1) [mutagenic meat]
 15894 | Lair:4   | Gained mutation: You have large cloven feet. [mutagenic meat]
 15912 | Lair:4   | Reached skill level 10 in Invocations
 16821 | Lair:5   | Reached skill level 13 in Axes
 17388 | Lair:6   | Entered Level 6 of the Lair of Beasts
 17460 | Lair:6   | Found a dark tunnel.
 17467 | Volcano  | Entered a volcano
 17550 | Volcano  | Gained Hilgar as an ally
 17624 | Volcano  | Your ally Hilgar died
 17907 | Volcano  | Found a radiant altar of Vehumet.
 17932 | Volcano  | Found a burning altar of Makhleb.
 18528 | Lair:6   | Noticed a fire dragon
 18546 | Lair:6   | Killed a fire dragon
 18987 | Lair:6   | Learned a level 3 spell: Portal Projectile
 20110 | D:9      | Gained mutation: Your natural rate of healing is unusually fast. [mutagenic meat]
 20227 | D:11     | Found Korhaelu's Armour Shop.
 20279 | D:11     | Noticed Urug
 20337 | D:11     | Found Nufulaz's Weapon Boutique.
 20347 | D:11     | Found Veunkeu's Assorted Antiques.
 20349 | D:11     | Noticed Grum
 20363 | D:11     | Killed Grum
 20366 | D:11     | Reached skill level 5 in Evocations
 20453 | D:11     | Found a staircase to the Orcish Mines.
 21041 | D:11     | Reached XP level 14. HP: 129/129 MP: 22/22
 21527 | D:12     | Noticed Erolcha
 21527 | D:12     | Noticed Azrael
 21540 | D:12     | Killed Azrael
 21550 | D:12     | Killed Erolcha
 21552 | D:12     | Noticed Josephine
 21559 | D:12     | Killed Josephine
 21560 | D:12     | Found a snail-covered altar of Cheibriados.
 22146 | D:13     | Noticed Rupert
 22159 | D:13     | Killed Rupert
 22189 | D:13     | Found Qefarap's Food Shoppe.
 22249 | D:13     | Lost mutation: You have large cloven feet. [mutagenic meat]
 22250 | D:13     | Gained mutation: You possess an exceptional clarity of mind. [mutagenic meat]
 22279 | D:13     | Bought a bread ration for 60 gold pieces
 22279 | D:13     | Bought a royal jelly for 24 gold pieces
 22279 | D:13     | Bought a bread ration for 60 gold pieces
 22279 | D:13     | Bought a royal jelly for 24 gold pieces
 22279 | D:13     | Bought a royal jelly for 24 gold pieces
 22279 | D:13     | Bought a royal jelly for 24 gold pieces
 22279 | D:13     | Bought a bread ration for 60 gold pieces
 22372 | D:13     | Reached skill level 14 in Axes
 22376 | D:13     | Found Jodup's Distillery.
 22383 | D:13     | Found a gate to the Vaults.
 22397 | D:13     | Gained Bogdan as an ally
 22509 | D:13     | Bought a potion of might for 56 gold pieces
 22509 | D:13     | Bought a potion of haste for 140 gold pieces
 22509 | D:13     | Bought a potion of curing for 42 gold pieces
 22593 | D:13     | Gained Marbork as an ally
 22748 | D:13     | Found Ade Addo's Food Emporium.
 22848 | D:13     | Noticed an entropy weaver
 22848 | D:13     | a spark wasp changed into an entropy weaver
 22849 | D:13     | Noticed an emperor scorpion
 22849 | D:13     | an entropy weaver changed into an emperor scorpion
 22853 | D:13     | an emperor scorpion changed into a six-headed hydra
 22857 | D:13     | Noticed a tengu reaver
 22876 | D:13     | Noticed a storm dragon
 22876 | D:13     | a minotaur changed into a storm dragon
 22876 | D:13     | a storm dragon changed into a satyr
 22876 | D:13     | Your ally Marbork died
 22877 | D:13     | Noticed an emperor scorpion
 22877 | D:13     | a satyr changed into an emperor scorpion
 22885 | D:13     | Noticed an azure jelly
 22885 | D:13     | an emperor scorpion changed into an azure jelly
 22888 | D:13     | Noticed an emperor scorpion
 22888 | D:13     | an azure jelly changed into an emperor scorpion
 22889 | D:13     | an emperor scorpion changed into a queen ant
 22916 | D:13     | Killed a tengu reaver
 23076 | D:13     | Got an ichor-stained war axe
 23077 | D:13     | Identified the +2 war axe "Transmigrator" {protect, rElec Dex+3 SInv} (You found it on level 13 of the Dungeon)
 23247 | D:13     | Got a heavily runed turquoise ring
 23303 | D:13     | Identified the ring of Yquyme {rC+ Str+4 Int+2} (You took it off a tengu reaver on level 13 of the Dungeon)
 23386 | D:13     | Found Lira's Gadget Boutique.
 23839 | Orc:1    | Entered Level 1 of the Orcish Mines
 23975 | Orc:1    | Gained Boderik as an ally
 24034 | Orc:1    | Found a frozen archway.
 24061 | IceCv    | Entered an ice cave
 24210 | IceCv    | Reached XP level 15. HP: 128/137 MP: 24/24
 24784 | Orc:2    | Entered Level 2 of the Orcish Mines
 24817 | Orc:2    | Noticed Unholydonuts's ghost (journeyman MiBe)
 24831 | Orc:2    | Your ally Boderik died
 24839 | Orc:2    | Killed Unholydonuts's ghost
 24846 | Orc:2    | Gained Bogwald as an ally
 24901 | Orc:2    | Found a roughly hewn altar of Beogh.
 24971 | Orc:2    | Found Xupuakhau's Antique Armour Boutique.
 24983 | Orc:2    | Bought an embroidered hat for 161 gold pieces
 25008 | Orc:2    | Found Ugoanoh's Food Emporium.
 25047 | Orc:2    | Found Boilufie's Food Emporium.
 25096 | Orc:2    | Found Husiss's Armour Boutique.
 25110 | Orc:2    | Bought a +2 pair of boots of flying for 387 gold pieces
 25205 | Orc:2    | Found a staircase to the Elven Halls.
 25839 | Snake:1  | Entered Level 1 of the Snake Pit
 26194 | Swamp:1  | Entered Level 1 of the Swamp
 26528 | Swamp:1  | Reached skill level 15 in Axes
 27572 | Swamp:2  | Noticed Nikola
 27594 | Swamp:2  | Killed Nikola
 27635 | Swamp:2  | Gained Orik as an ally
 27646 | Swamp:2  | Your ally Orik died
 27825 | Swamp:2  | Identified Sif Muna's Almanac of Earthen Contamination
 28343 | Swamp:3  | Gained Blodwig as an ally
 28349 | Swamp:3  | Slain by an alligator

Skill      XL: |  1  2  3  4  5  6  7  8  9 10 11 12 13 14 15 |
---------------+----------------------------------------------+-----
Axes           | 3 4 5 6 7 9 10 11 12 13 14 15 | 15.3
Fighting       | 4 5 6 7 9 10 11 12 13 14 | 14.6
Shields        | 4 5 6 8 9 10 11 12 13 | 13.6
Armour         | 4 5 7 8 9 10 11 12 13 | 13.6
Invocations    | 5 8 9 11 12 13 | 13.8
Evocations     | 2 5 6 8 |  8.0

Action                   |  1- 3 |  4- 6 |  7- 9 | 10-12 | 13-15 || total
-------------------------+-------+-------+-------+-------+-------++-------
Melee: War axe           |   111 |   272 |   359 |   644 |  1136 ||  2522
Invok: Convert to Beogh  |       |     1 |       |       |       ||     1
       Smiting           |       |       |       |     5 |    54 ||    59
       Give Item to Name |       |       |       |       |     2 ||     2
Evoke: Wand              |       |       |       |     3 |     4 ||     7
  Use: Potion            |       |     6 |     5 |     4 |     8 ||    23
       Scroll            |       |     7 |     2 |    15 |    14 ||    38
 Stab: Distracted        |       |       |       |     3 |     4 ||     7
       Confused          |       |       |       |     1 |       ||     1
  Eat: Chunk             |     1 |     9 |     5 |    31 |    32 ||    78
       Bread ration      |       |       |     2 |       |     4 ||     6
Armor: Scale mail        |    51 |    96 |    69 |       |       ||   216
       Skin              |       |       |    16 |       |     3 ||    19
       Plate armour      |       |       |    19 |   268 |    87 ||   374
       Chain mail        |       |       |       |       |   300 ||   300
       Swamp dragon scal |       |       |       |       |    54 ||    54
Dodge: Dodged            |    23 |    72 |    66 |   161 |   367 ||   689
Block: Shield            |    56 |   175 |   213 |   512 |   932 ||  1888
